 Dungeon Crawl Stone Soup version 0.31-a0-185-g9dded2c639 (webtiles) character file.

Game seed: 11513104149937652073

9434 qw the Markself (level 11, 0/67 HPs)
             Began as a Deep Elf Hunter on June 22, 2023.
             Was a Believer of Okawaru.
             Slain by a smoke demon (3 damage)
             ... on level 10 of the Dungeon.
             The game lasted 00:04:52 (7983 turns).

qw the Markself (Deep Elf Hunter)                   Turns: 7983, Time: 00:04:53

Health: 0/67       AC: 14    Str: 12    XL:     11   Next: 23%
Magic:  14/16      EV: 24    Int: 15    God:    Okawaru [**....]
Gold:   703        SH:  5    Dex: 18    Spells: 10/10 levels left

rFire   . . .        Y - +1 orcbow
rCold   . . .        (shield currently unavailable)
rNeg    . . .        a - +0 ring mail
rPois   .            (no helmet)
rElec   .            d - +1 cloak
rCorr   .            o - +1 pair of gloves
SInv    .            n - +2 pair of boots {Fly}
Will    +....        m - amulet of reflection
Stlth   +            l - +5 ring of evasion
HPRegen 0.31/turn    (no ring)
MPRegen 0.15/turn

%: reflection
@: on fire, heroic, flying, slowed, glowing, very slow
A: claws 1, fangs 1, MP-powered wands
a: Renounce Religion, Heroism


You were on level 10 of the Dungeon.
You worshipped Okawaru.
Okawaru was pleased with you.
You visited 1 branch of the dungeon, and saw 10 of its levels.

You collected 739 gold pieces.
You spent 36 gold pieces at shops.


Innate Abilities, Weirdness & Mutations

You have sharp fingernails.
You have very sharp teeth.
You expend magic power (3 MP) to strengthen your wands.


   Skills:
 - Level 7.0(12.0) Fighting
 - Level 16.1(21.1) Ranged Weapons
 + Level 3.2(8.2) Armour
 - Level 10.0(15.0) Dodging
 - Level 1.2(6.2) Stealth
 - Level 4.3 Invocations


You had 10 spell levels left.
You didn't know any spells.
Your spell library was empty.

Inventory:

Hand Weapons
 Y - a +1 orcbow (weapon)
Armour
 a - a +0 ring mail (worn)
 d - a +1 cloak (worn)
 e - the +3 ring mail of the Valley of Death {-Tele rElec rPois Regen+}
   (You took it off a gnoll on level 9 of the Dungeon)

   rElec:     It insulates you from electricity.
   rPois:     It protects you from poison.
   -Tele:     It prevents most forms of teleportation.
   Regen:     It increases your rate of health regeneration.
 f - +0 acid dragon scales
 n - a +2 pair of boots of flying (worn)
 o - a +1 pair of gloves (worn)
Jewellery
 c - a ring of fire
 l - a +5 ring of evasion (left hand)
 m - an amulet of reflection (around neck)
 p - a ring of fire
Scrolls
 b - a scroll of identify
Potions
 g - a potion of might {unknown}
 h - a potion of resistance
 i - 2 potions of enlightenment
 j - 2 potions of haste
 k - 4 potions of curing

Dungeon Overview and Level Annotations

Branches:
Dungeon (10/15)            Temple (0/1) D:7             Orc (0/2) D:9
   Lair: D:8-11

Altars:
Cheibriados
Fedhas
Hepliaklqana
Kikubaaqudgha
Okawaru
Sif Muna
Wu Jian
Xom

Shops:
D:1 !   D:4 :

Annotations:
D:9 exclusion: oklob plant


Message History

You feel sick. Something hits you.
The kobold throws a stone.
The stone misses you.
The kobold brigand hits you but does no damage.
You shoot an arrow. The arrow hits the kobold brigand!!
The kobold brigand is severely wounded.
You feel sick. Something closely misses you. The kobold brigand misses you. x2
The smoke demon gestures at you. Something smites you! Something hits you.
7980 ||| INVOKING Heroism.
You gain the combat prowess of a mighty hero.
You feel sick. The kobold brigand closely misses you.
Something closely misses you.
You shoot an arrow. The arrow hits the kobold brigand.
The kobold brigand is severely wounded.
You feel sick. The smoke demon gestures at you. Something smites you!
Something closely misses you.
The kobold brigand hits you with a +0 short sword.
You shoot an arrow. The arrow hits the kobold brigand.
The kobold brigand is almost dead.
You feel sick.
You are no longer poisoned.
The smoke demon completely misses you.
The smoke demon hits you but does no damage.
The smoke demon closely misses you. Something barely misses you.
The kobold throws a stone.
The stone misses you. The kobold brigand closely misses you.
The smoke demon gestures at you. The sticky flame hits you.
You are covered in liquid flames!
You block the kobold brigand's attack. Something barely misses you.
You shoot an arrow. The troll shouts!
The arrow hits the kobold brigand.
You kill the kobold brigand!
Okawaru accepts your kill.
You are covered in liquid flames!
You hear a bellow!
The smoke demon hits you. x3
You die...

.##............# ##...#
......##.......# ....#
..............## .....
.#######......### ..#..
#.......... #.
#...<..........#.#
#.................
#............#####
#@3.............#.
#{)....T..........
......)K.............<..
.....##..........#..(...
...K ..................
... ....###.#.##......
). #####. .. ##..... .
.. #..... ... ......


You could see a troll, a smoke demon and a kobold.

Vanquished Creatures
  Gastronok (D:8)
  Erica (D:9)
  A rust devil (D:10)
  A gargoyle (D:6)
  Maggie (D:8)
  A hornet (D:9)
  Prince Ribbit (D:6)
  Grinder (D:5)
  A steam dragon (D:5)
  14 yaks
  2 humans (D:7)
  An acid dragon (D:10)
  3 water moccasins
  3 orc warriors
  2 ogres
  3 ice beasts
  A sky beast (D:8)
  4 centaurs
  2 phantoms
  2 kobold brigands
  3 bullfrogs
  A gnoll sergeant (D:9)
  4 scorpions
  4 wights
  5 howler monkeys
  A quasit (D:10)
  4 gnoll boudas
  8 hounds
  6 jellies
  4 orc priests
  4 iguanas
  5 orc wizards
  18 gnolls
  12 adders
  2 shadow imps
  2 white imps (D:7)
  4 ufetubi
  A worm (D:4)
  A dart slug (D:2)
  23 orcs
  3 bats
  3 endoplasms
  4 giant cockroaches
  2 goblins
  6 hobgoblins
  12 kobolds
  3 quokkas
  2 ball pythons
  5 frilled lizards
  10 rats
  A rat zombie (D:7)
209 creatures vanquished.

Vanquished Creatures (others)
  A sky beast (D:7)
1 creature vanquished.

Grand Total: 210 creatures vanquished

Notes
Turn   | Place    | Note
-------+----------+-------------------------------------------
     0 | D:1      | qw the Deep Elf Hunter began the quest for the Orb.
     0 | D:1      | Reached XP level 1. HP: 12/12 MP: 3/3
     0 | D:1      | 0 ||| qw: Version: 0.3-a-9-g12657ce
     0 | D:1      | 0 ||| qw: Game counter: 1714
     0 | D:1      | 0 ||| qw: Always use a shield: true
     0 | D:1      | 0 ||| qw: God list: Okawaru
     0 | D:1      | 0 ||| qw: Allow faded altars: false
     0 | D:1      | 0 ||| qw: Do Orc after D:15 true
     0 | D:1      | 0 ||| qw: Do second Lair branch before Depths: true
     0 | D:1      | 0 ||| qw: Lair rune preference: random
     0 | D:1      | 0 ||| qw: Plans: Normal
     0 | D:1      | 0 ||| PLANNING D:1-11
   464 | D:1      | Found Zitis's Distillery.
   476 | D:1      | 476 ||| SHOPLISTING 2 potions of enlightenment (120 gold,
                  | have 82).
   476 | D:1      | 476 ||| SHOPLISTING 2 potions of heal wounds (120 gold,
                  | have 82).
   476 | D:1      | 476 ||| BUYING potion of curing (36 gold).
   476 | D:1      | Bought a potion of curing for 36 gold pieces
   513 | D:1      | Reached skill level 6 in Ranged Weapons
   513 | D:1      | Reached XP level 2. HP: 16/16 MP: 4/4
   659 | D:1      | Found a faded altar of an unknown god.
   779 | D:1      | 779 ||| UPGRADING to +0 pair of boots.
   784 | D:1      | 784 ||| READING scroll labelled JIARRE OTAY.
   785 | D:1      | 785 ||| READING scroll labelled UDARUXI LALA.
   786 | D:1      | 786 ||| READING scroll labelled FAYQ ENIMARAEM.
   787 | D:1      | 787 ||| READING scroll labelled HUSTEI IMMEPN.
   788 | D:1      | 788 ||| READING scroll labelled FASUSH ZOED.
   789 | D:1      | 789 ||| DROPPING scroll of butterflies.
  1009 | D:2      | 1009 ||| FLEEEEING.
  1033 | D:2      | Reached XP level 3. HP: 20/20 MP: 5/5
  1178 | D:2      | Found a shimmering altar of Xom.
  1333 | D:2      | 1333 ||| READING scroll labelled ACWOOSTR CELUEDYMN.
  1334 | D:2      | 1334 ||| READING scroll labelled NYCITA PEADY.
  1335 | D:2      | 1335 ||| READING 2 scrolls labelled XOACZUTARY.
  1613 | D:2      | Reached skill level 7 in Ranged Weapons
  1805 | D:3      | Reached XP level 4. HP: 25/25 MP: 6/6
  1860 | D:3      | Found a hazy altar of Hepliaklqana.
  2068 | D:3      | 2068 ||| UPGRADING to +0 scale mail.
  2078 | D:3      | 2078 ||| DROPPING +0 leather armour.
  2079 | D:3      | 2079 ||| DROPPING ring of magical power.
  2080 | D:3      | 2080 ||| READING 2 scrolls of identify.
  2080 | D:3      | 2080 ||| IDENTIFYING ruby potion
  2081 | D:3      | 2081 ||| DROPPING potion of lignification.
  2121 | D:3      | Reached skill level 8 in Ranged Weapons
  2180 | D:3      | 2180 ||| UPGRADING to +0 ring mail.
  2190 | D:3      | 2190 ||| DROPPING +0 scale mail.
  2211 | D:3      | 2211 ||| READING scroll of enchant weapon.
  2211 | D:3      | 2211 ||| ENCHANTING +1 shortbow of draining.
  2446 | D:3      | 2446 ||| READING scroll labelled NOIKEK REW XOO.
  2447 | D:3      | 2447 ||| READING 2 scrolls of identify.
  2447 | D:3      | 2447 ||| IDENTIFYING red potion
  2448 | D:3      | 2448 ||| DROPPING potion of attraction.
  2524 | D:4      | Found a blossoming altar of Fedhas.
  2525 | D:4      | Noticed a scorpion
  2530 | D:4      | Reached XP level 5. HP: 29/29 MP: 7/7
  2534 | D:4      | Reached skill level 9 in Ranged Weapons
  2545 | D:4      | 2545 ||| FLEEEEING.
  2629 | D:4      | Reached XP level 6. HP: 35/35 MP: 8/8
  2697 | D:4      | Found a shimmering blue altar of Sif Muna.
  2867 | D:4      | Found a snail-covered altar of Cheibriados.
  2974 | D:4      | Found Cuiwn's Self-Improvement Boutique.
  3041 | D:4      | 3041 ||| UPGRADING to +1 cloak.
  3046 | D:4      | 3046 ||| UPGRADING to amulet of regeneration.
  3051 | D:4      | 3051 ||| READING 4 scrolls of identify.
  3051 | D:4      | 3051 ||| IDENTIFYING fuming coppery potion
  3052 | D:4      | 3052 ||| READING 3 scrolls of identify.
  3052 | D:4      | 3052 ||| IDENTIFYING smoky silvery potion
  3053 | D:4      | 3053 ||| READING 2 scrolls of identify.
  3053 | D:4      | 3053 ||| IDENTIFYING sapphire potion
  3054 | D:4      | 3054 ||| DROPPING potion of brilliance.
  3079 | D:5      | Entered Level 5 of the Dungeon
  3092 | D:5      | Reached skill level 1 in Armour
  3108 | D:5      | Reached skill level 10 in Ranged Weapons
  3116 | D:5      | Reached XP level 7. HP: 40/40 MP: 9/9
  3172 | D:5      | 3172 ||| DRINKING 6 potions of curing.
  3172 | D:5      | 3172 ||| (to cure confusion)
  3279 | D:5      | Reached skill level 11 in Ranged Weapons
  3738 | D:5      | 3738 ||| UPGRADING to +2 pair of boots of flying.
  3748 | D:5      | 3748 ||| DROPPING +0 pair of boots.
  3749 | D:5      | 3749 ||| UPGRADING to +0 pair of gloves.
  3754 | D:5      | 3754 ||| UPGRADING to amulet of reflection.
  3764 | D:5      | 3764 ||| DROPPING amulet of regeneration.
  3765 | D:5      | 3765 ||| READING 3 scrolls labelled HEUFID XINOA.
  3766 | D:5      | 3766 ||| DROPPING 2 scrolls of summoning.
  3789 | D:6      | Noticed a steam dragon
  3792 | D:6      | 3792 ||| STAIRDANCE
  3809 | D:6      | 3809 ||| STAIRDANCE
  3809 | D:6      | Noticed Grinder
  3828 | D:5      | Reached skill level 12 in Ranged Weapons
  3828 | D:5      | Reached XP level 8. HP: 31/44 MP: 10/10
  3835 | D:5      | HP: 11/45 [steam dragon] (7)]
  3837 | D:5      | 3837 ||| READING scroll of teleportation.
  3839 | D:5      | Reached skill level 3 in Fighting
  4009 | D:6      | 4009 ||| Stepping ~*~*~tactically~*~*~ (outnumbered).
  4018 | D:6      | 4018 ||| Stepping ~*~*~tactically~*~*~ (outnumbered).
  4020 | D:6      | 4020 ||| Stepping ~*~*~tactically~*~*~ (outnumbered).
  4021 | D:6      | 4021 ||| STAIRDANCE
  4044 | D:6      | 4044 ||| STAIRDANCE
  4086 | D:6      | 4086 ||| STAIRDANCE
  4097 | D:5      | Killed Grinder
  4098 | D:5      | Reached skill level 13 in Ranged Weapons
  4147 | D:6      | 4147 ||| STAIRDANCE
  4381 | D:6      | Reached skill level 14 in Ranged Weapons
  4395 | D:6      | 4395 ||| READING scroll of enchant armour.
  4395 | D:6      | 4395 ||| ENCHANTING +0 pair of gloves.
  4404 | D:6      | Noticed a gargoyle
  4416 | D:6      | HP: 10/46 [gargoyle/stone arrow (17)]
  4417 | D:6      | HP: 1/46 [gargoyle/+0 mace (9)]
  4418 | D:6      | Killed a gargoyle
  4419 | D:6      | Reached XP level 9. HP: 2/51 MP: 11/11
  4419 | D:6      | 4419 ||| FLEEEEING.
  4422 | D:6      | 4422 ||| FLEEEEING.
  4423 | D:6      | 4423 ||| FLEEEEING.
  4424 | D:6      | 4424 ||| FLEEEEING.
  4425 | D:6      | 4425 ||| FLEEEEING.
  4426 | D:6      | 4426 ||| FLEEEEING.
  4427 | D:6      | 4427 ||| FLEEEEING.
  4428 | D:6      | 4428 ||| FLEEEEING.
  4429 | D:6      | 4429 ||| FLEEEEING.
  4431 | D:6      | 4431 ||| FLEEEEING.
  4432 | D:6      | 4432 ||| FLEEEEING.
  4433 | D:6      | 4433 ||| FLEEEEING.
  4435 | D:6      | 4435 ||| FLEEEEING.
  4436 | D:6      | 4436 ||| STAIRDANCE
  4593 | D:5      | 4593 ||| UPGRADING to +5 ring of evasion.
  4617 | D:6      | Noticed Prince Ribbit
  4622 | D:6      | Killed Prince Ribbit
  4631 | D:6      | You are sucked into a shaft and drop 2 floors!
  4725 | D:8      | Reached skill level 6 in Dodging
  4794 | D:8      | Noticed Maggie
  4794 | D:8      | Noticed Gastronok
  4802 | D:8      | Killed Maggie
  4818 | D:8      | HP: 10/52 [wight/+0 scimitar (4)]
  4819 | D:8      | 4819 ||| READING scroll of teleportation.
  4990 | D:8      | 4990 ||| Stepping ~*~*~tactically~*~*~ (outnumbered).
  5078 | D:8      | Reached skill level 3 in Armour
  5196 | D:8      | 5196 ||| DROPPING amulet of the acrobat.
  5197 | D:8      | 5197 ||| DRINKING 3 orange potions.
  5198 | D:8      | 5198 ||| READING 2 scrolls of identify.
  5198 | D:8      | 5198 ||| IDENTIFYING viscous yellow potion
  5199 | D:8      | 5199 ||| DROPPING potion of magic.
  5261 | D:7      | Found an iron altar of Okawaru.
  5262 | D:7      | 5262 ||| PLANNING OKAWARU WORSHIP
  5262 | D:7      | 5262 ||| DRINKING 3 emerald potions.
  5262 | D:7      | Gained mutation: Your spells are a little easier to cast,
                  | but a little less powerful. [potion of mutation]
  5262 | D:7      | Gained mutation: You occasionally lose the ability to read
                  | scrolls when taking damage. [potion of mutation]
  5262 | D:7      | Gained mutation: Armour fits poorly on your strangely
                  | shaped body. [potion of mutation]
  5262 | D:7      | Gained mutation: You are strong-willed. (Will+) [potion of
                  | mutation]
  5263 | D:7      | 5263 ||| DRINKING 2 potions of mutation.
  5263 | D:7      | Lost mutation: You are strong-willed. (Will+) [potion of
                  | mutation]
  5263 | D:7      | Lost mutation: Armour fits poorly on your strangely shaped
                  | body. [potion of mutation]
  5263 | D:7      | Gained mutation: You sometimes lose the ability to read
                  | scrolls when taking damage. [potion of mutation]
  5264 | D:7      | 5264 ||| DRINKING potion of mutation.
  5264 | D:7      | Lost mutation: Your spells are a little easier to cast, but
                  | a little less powerful. [potion of mutation]
  5264 | D:7      | Lost mutation: You sometimes lose the ability to read
                  | scrolls when taking damage. [potion of mutation]
  5264 | D:7      | Lost mutation: You occasionally lose the ability to read
                  | scrolls when taking damage. [potion of mutation]
  5264 | D:7      | Gained mutation: You have sharp fingernails. [potion of
                  | mutation]
  5264 | D:7      | Gained mutation: You expend magic power (3 MP) to
                  | strengthen your wands. [potion of mutation]
  5264 | D:7      | Gained mutation: You have very sharp teeth. [potion of
                  | mutation]
  5265 | D:7      | 5265 ||| DRINKING 2 dark potions.
  5286 | D:7      | Became a worshipper of Warmaster Okawaru
  5287 | D:7      | 5287 ||| PLANNING D:1-11
  5486 | D:6      | 5486 ||| READING 2 scrolls of identify.
  5486 | D:6      | 5486 ||| IDENTIFYING fuming brown potion
  5531 | D:7      | Reached XP level 10. HP: 60/60 MP: 12/12
  5542 | D:7      | Reached skill level 6 in Fighting
  5549 | D:7      | 5549 ||| SWAPPING to +0 orcbow.
  5550 | D:7      | 5550 ||| DROPPING +2 shortbow of draining.
  5598 | D:7      | 5598 ||| READING scroll of enchant weapon.
  5598 | D:7      | 5598 ||| ENCHANTING +0 orcbow.
  5724 | D:7      | Found an ancient bone altar of Kikubaaqudgha.
  5760 | D:7      | 5760 ||| Stepping ~*~*~tactically~*~*~ (outnumbered).
  5779 | D:7      | 5779 ||| Stepping ~*~*~tactically~*~*~ (outnumbered).
  5795 | D:7      | Reached * piety under Okawaru
  5865 | D:7      | 5865 ||| INVOKING Heroism.
  5878 | D:7      | 5878 ||| INVOKING Heroism.
  5898 | D:7      | Reached skill level 15 in Ranged Weapons
  5902 | D:7      | 5902 ||| FLEEEEING.
  5904 | D:7      | 5904 ||| FLEEEEING.
  5905 | D:7      | 5905 ||| FLEEEEING.
  5906 | D:7      | 5906 ||| FLEEEEING.
  5907 | D:7      | 5907 ||| FLEEEEING.
  5908 | D:7      | 5908 ||| FLEEEEING.
  5909 | D:7      | 5909 ||| FLEEEEING.
  5910 | D:7      | 5910 ||| FLEEEEING.
  6040 | D:7      | Found a staircase to the Ecumenical Temple.
  6080 | D:7      | 6080 ||| READING 2 scrolls labelled KOOTEU BOCUCEA.
  6081 | D:7      | 6081 ||| DROPPING scroll of poison.
  6083 | D:7      | 6083 ||| Stepping ~*~*~tactically~*~*~ (cloud).
  6219 | D:8      | 6219 ||| INVOKING Heroism.
  6242 | D:8      | Killed Gastronok
  6243 | D:8      | Reached skill level 16 in Ranged Weapons
  6469 | D:8      | Found an ornate altar of the Wu Jian Council.
  6557 | D:8      | 6557 ||| Stepping randomly (stuck).
  6576 | D:9      | Noticed an oklob plant
  6577 | D:9      | 6577 ||| FLEEEEING.
  6579 | D:9      | 6579 ||| STAIRDANCE
  6643 | D:9      | 6643 ||| FLEEEEING.
  6646 | D:9      | 6646 ||| STAIRDANCE
  6686 | D:9      | 6686 ||| INVOKING Heroism.
  6820 | D:9      | Found a shimmering altar of Xom.
  6865 | D:9      | Identified the +3 ring mail of the Valley of Death {-Tele
                  | rElec rPois Regen+}
  6879 | D:9      | 6879 ||| Stepping ~*~*~tactically~*~*~ (outnumbered).
  6883 | D:9      | Reached skill level 1 in Invocations
  6885 | D:9      | 6885 ||| INVOKING Heroism.
  6886 | D:9      | 6886 ||| Stepping ~*~*~tactically~*~*~ (outnumbered).
  6887 | D:9      | 6887 ||| Stepping ~*~*~tactically~*~*~ (outnumbered).
  7097 | D:9      | 7097 ||| INVOKING Heroism.
  7111 | D:9      | Reached skill level 9 in Dodging
  7118 | D:9      | 7118 ||| INVOKING Heroism.
  7128 | D:9      | Reached skill level 3 in Invocations
  7317 | D:9      | Found a staircase to the Orcish Mines.
  7337 | D:9      | 7337 ||| INVOKING Heroism.
  7367 | D:9      | Noticed Erica
  7368 | D:9      | 7368 ||| INVOKING Heroism.
  7381 | D:9      | Killed Erica
  7382 | D:9      | Reached XP level 11. HP: 61/66 MP: 14/16
  7572 | D:10     | Entered Level 10 of the Dungeon
  7596 | D:10     | Reached ** piety under Okawaru
  7603 | D:10     | 7603 ||| INVOKING Heroism.
  7710 | D:10     | 7710 ||| Stepping ~*~*~tactically~*~*~ (outnumbered).
  7711 | D:10     | 7711 ||| INVOKING Heroism.
  7713 | D:10     | 7713 ||| DRINKING potion of cancellation.
  7723 | D:10     | HP: 15/67 [troll (8)]
  7724 | D:10     | 7724 ||| READING scroll of teleportation.
  7725 | D:10     | 7725 ||| DRINKING potion of heal wounds.
  7954 | D:10     | 7954 ||| Stepping ~*~*~tactically~*~*~ (outnumbered).
  7956 | D:10     | 7956 ||| Stepping ~*~*~tactically~*~*~ (outnumbered).
  7959 | D:10     | 7959 ||| Stepping ~*~*~tactically~*~*~ (outnumbered).
  7962 | D:10     | 7962 ||| Stepping ~*~*~tactically~*~*~ (outnumbered).
  7972 | D:10     | 7972 ||| DRINKING 6 potions of curing.
  7972 | D:10     | 7972 ||| (to cure confusion)
  7974 | D:10     | 7974 ||| DRINKING 5 potions of curing.
  7974 | D:10     | 7974 ||| (to cure confusion)
  7980 | D:10     | 7980 ||| INVOKING Heroism.
  7981 | D:10     | HP: 16/67 [kobold brigand/+0 short sword (6)]
  7983 | D:10     | HP: 4/67 [smoke demon (6)]
  7983 | D:10     | Slain by a smoke demon

Levels and vault maps discovered:
D:1:      sevenhm_arrival_forest_fort_large_4, layout_basic,
          shapermc_ecumenical_altar_mp_ritualfount, serial_shops,
          nicolae_shop_competitors_out_of_business
D:2:      kennysheep_big_flooded_room, layout_loops_ring, basic_altar,
          serial_bayou_crossing
D:3:      layout_rooms, marbit_many_paths, st_stairs_1, minmay_puff
D:4:      layout_basic, mainiacjoe_overflow_cross_hatched,
          lemuel_coloured_pillars_altar, nicolae_sif_muna_condensation,
          nicolae_shop_self_help
D:5:      layout_basic
D:6:      layout_rooms, uniq_prince_ribbit1, uniq_grinder
D:7:      layout_gridville, lemuel_zombie_altar_kikubaaqudgha, okawaru_humans,
          minmay_temple_entry_overgrown, minmay_joined_circles
D:8:      layout_basic, kennysheep_mini, uniq_maggie, uniq_gastronok
D:9:      layout_loops_cross, amcnicky_altar_gilded, orc_0_dummy,
          disabler_island, uniq_erica
D:10:     layout_rooms, serial_demonic, serial_demonic_b, serial_demonic_b,
          serial_demonic_f, serial_demonic_c, nicolae_wooded_promenade

Skill      XL: |  1  2  3  4  5  6  7  8  9 10 11 |
---------------+----------------------------------+-----
Ranged Weapons | 6 7 8 9 10 12 14 16 | 16.1
Fighting       | 2 3 5 6 7 |  7.0
Armour         | 1 3 |  3.2
Dodging        | 4 5 8 9 10 | 10.0
Invocations    | 4 |  4.3
Stealth        | |  1.2

Action                     |  1- 3 |  4- 6 |  7- 9 | 10-12 || total
---------------------------+-------+-------+-------+-------++-------
   Fire: Shortbow          |   101 |   107 |   320 |     7 ||   535
         Orcbow            |       |       |       |   359 ||   359
 Invoke: Heroism           |       |       |       |    12 ||    12
    Use: Scroll            |     8 |     7 |     6 |     3 ||    24
         Potion            |       |       |     6 |     4 ||    10
 Armour: Leather armour    |     9 |     1 |       |       ||    10
         Scale mail        |       |     7 |       |       ||     7
         Ring mail         |       |    12 |    57 |    50 ||   119
  Dodge: Dodged            |    17 |    17 |   103 |   217 ||   354
  Block: Other             |       |       |    23 |    48 ||    71
         Reflection        |       |       |       |     2 ||     2

Table legend:
 A = Non-vault XP
 B = Vault XP
 C = Vault XP percentage of total XP
 D = Non-vault monster count
 E = Vault monster count
 F = Vault count percentage of total count
                 A         B        C        D         E       F
            +---------+---------+-------+---------+---------+-------
      Total |    8381 |    5194 |  38.3 |     172 |      38 |  18.1
            +---------+---------+-------+---------+---------+-------
        D:1 |      15 |       0 |   0.0 |       9 |       0 |   0.0
        D:2 |      60 |      15 |  20.0 |      16 |       2 |  11.1
        D:3 |      44 |      20 |  31.2 |      17 |       6 |  26.1
        D:4 |     327 |       0 |   0.0 |      17 |       0 |   0.0
        D:5 |    1293 |     249 |  16.1 |      28 |       1 |   3.4
        D:6 |     969 |     268 |  21.7 |      18 |       1 |   5.3
        D:7 |     576 |    1474 |  71.9 |       8 |      23 |  74.2
        D:8 |    1294 |    1798 |  58.2 |      12 |       2 |  14.3
        D:9 |    2156 |     850 |  28.3 |      33 |       1 |   2.9
       D:10 |    1647 |     520 |  24.0 |      14 |       2 |  12.5
            +---------+---------+-------+---------+---------+-------
